 Dungeon Crawl Stone Soup version 0.23.1 (webtiles) character file.

Game seed: 0

96128 Marjanaama the Grappler (level 15, 0/159 HPs)
             Began as a Troll Monk on Mar 12, 2019.
             Was an Elder of Wu Jian.
             Slain by a harpy (10 damage)
             ... on level 4 of the Shoals.
             The game lasted 01:48:56 (22569 turns).

Marjanaama the Grappler (Troll Monk)               Turns: 22569, Time: 01:48:57

Health: 0/159      AC: 19    Str: 25    XL:     15   Next: 68%
Magic:  17/17      EV: 17    Int: 10    God:    Wu Jian [****..]
Gold:   565        SH:  0    Dex: 16    Spells: 14/14 levels left

rFire    . . .     SeeInvis .     - Unarmed
rCold    . . .     Gourm    +   (no shield)
rNeg     + . .     Faith    .   T - +3 troll leather armour
rPois    +         Spirit   .   U - +1 hat {Int+3}
rElec    .         Reflect  .   u - +0 cloak
rCorr    .         Harm     .   (gloves unavailable)
MR       ++...                  (boots unavailable)
Stlth    +++.......             R - amulet "Huegh" {Acrobat +Fly rN+ Slay+2}
HPRegen  1.16/turn              j - ring of poison resistance
MPRegen  0.15/turn              F - +3 ring of protection

@: about to teleport, mesmerised, serpent's lash
A: large, unfitting armour, claws 3, repulsion field 1, molten scales 1, fast
metabolism 3, gourmand, magic resistance 1, regeneration 1, shaggy fur 1, strong
1, tough skin 3
a: Wall Jump, Serpent's Lash, Renounce Religion, Evoke Flight


You were on level 4 of the Shoals.
You worshipped Wu Jian.
Wu Jian was greatly pleased with you.
You were not hungry.

You visited 4 branches of the dungeon, and saw 22 of its levels.
You also visited: Sewer.

You collected 1510 gold pieces.
You spent 945 gold pieces at shops.

Inventory:

Missiles
 f - 11 large rocks
 x - 26 poisoned javelins
 Q - 8 javelins of penetration (quivered)
Armour
 u - a +0 cloak (worn)
 v - the +1 robe "Irawit" {+Fly Int+9 Dex-2}
   (You found it in a sewer)

   It affects your intelligence (+9).
   It affects your dexterity (-2).
   It lets you fly.
 y - a +2 robe of magic resistance
 T - a +3 troll leather armour (worn)
 U - a +1 hat of intelligence (worn)
 V - a +0 shield
Jewellery
 g - an uncursed ring of poison resistance
 j - a ring of poison resistance (left claw)
 F - a +3 ring of protection (right claw)
 P - an uncursed ring of protection from cold
 R - the amulet "Huegh" (around neck) {Acrobat +Fly rN+ Slay+2}
   (You bought it in a shop on level 6 of the Dungeon)

   [amulet of the acrobat]

   It helps you evade while moving and waiting.
   It affects your accuracy and damage with ranged weapons and melee attacks
   (+2).
   It protects you from negative energy.
   It lets you fly.
 W - the amulet of Perfectionism {Reflect Dex+5 SH+3}
   (You found it on level 5 of the Lair of Beasts)

   [amulet of reflection]

   It shields you and reflects attacks.
   It affects your dexterity (+5).
   It affects your SH (+3).
Wands
 w - a wand of digging (6)
 E - a wand of polymorph (10)
 G - a wand of enslavement (13)
 N - a wand of iceblast (20)
 Y - a wand of acid (12)
 Z - a wand of flame (20)
Scrolls
 a - a scroll of noise {unknown}
 d - 8 scrolls of teleportation
 h - 13 scrolls of remove curse
 k - 4 scrolls of immolation
 r - 2 scrolls of fog
 s - 3 scrolls of magic mapping
 B - 5 scrolls of blinking
 C - a scroll of acquirement {unknown}
 L - a scroll of enchant armour
 M - a scroll of fear {unknown}
 S - 7 scrolls of amnesia
Potions
 c - 3 potions of resistance
 e - 4 potions of lignification
 i - 2 potions of haste
 l - a potion of agility
 n - 3 potions of magic {unknown}
 p - 4 potions of mutation
 q - 4 potions of brilliance {unknown}
 t - 8 potions of flight
 z - 2 potions of curing
 A - 2 potions of might
 D - a potion of ambrosia {unknown}
 O - 3 potions of cancellation
Miscellaneous
 o - a fan of gales
 I - 3 sacks of spiders
 K - a box of beasts
Comestibles
 b - 30 rations


   Skills:
 * Level 13.0 Fighting
 - Level 5.0 Throwing
 - Level 7.3 Armour
 - Level 8.1 Dodging
 - Level 4.2 Stealth
 * Level 10.0 Shields
 - Level 13.4 Unarmed Combat
 - Level 5.1 Evocations


You had 14 spell levels left.
You didn't know any spells.
Your spell library contained the following spells:

 Spells                   Type           Power        Failure   Level  Hunger
 Animate Skeleton         Necr           N/A          38%         1    ##.....
 Apportation              Tloc           #.....       38%         1    ##.....
 Freeze                   Ice            #...         38%         1    ##.....
 Pain                     Necr           #...         38%         1    ##.....
 Sting                    Conj/Pois      #...         38%         1    ##.....
 Summon Butterflies       Summ           #.......     38%         1    ##.....
 Summon Small Mammal      Summ           #...         38%         1    ##.....
 Shroud of Golubria       Chrm/Tloc      #.........   54%         2    ###....
 Swiftness                Chrm/Air       #.......     54%         2    ###....
 Throw Frost              Conj/Ice       #.....       54%         2    ###....
 Lesser Beckoning         Tloc           #.........   77%         3    ####...
 Ozocubu's Armour         Chrm/Ice       #.......     77%         3    ####...
 Regeneration             Chrm/Necr      #.........   77%         3    ####...
 Tukima's Dance           Hex            #.......     77%         3    ####...
 Vampiric Draining        Necr           #.........   77%         3    ####...
 Animate Dead             Necr           N/A          99%         4    #####..
 Summon Ice Beast         Ice/Summ       #.......     99%         4    #####..
 Throw Icicle             Conj/Ice       #.......     99%         4    #####..
 Alistair's Intoxication  Tmut/Pois      #.......     100%        5    ######.
 Bolt of Draining         Conj/Necr      #.........   100%        5    ######.
 Iskenderun's Battlesphe  Conj/Chrm      #.......     100%        5    ######.
 Lightning Bolt           Conj/Air       #.........   100%        5    ######.
 Deflect Missiles         Chrm/Air       #.........   100%        6    #######
 Invisibility             Hex            #.......     100%        6    #######
 Spellforged Servitor     Conj/Summ      #.........   100%        7    #######


Dungeon Overview and Level Annotations

Branches:
Dungeon (11/15)            Temple (1/1) D:6            Lair (6/6) D:11
 Shoals (4/4) Lair:2       Spider (0/4) Lair:2        Slime (0/5) Lair:5
    Orc (0/2) D:9

Altars:
Ashenzari
Cheibriados
Dithmenos
Elyvilon
Fedhas
Gozag
Hepliaklqana
Kikubaaqudgha
Makhleb
Nemelex Xobeh
Okawaru
Qazlal
Ru
Sif Muna
Trog
Uskayaw
Vehumet
Wu Jian
Xom
Yredelemnul
Zin
The Shining One

Shops:
D:4 (   D:5 =   D:6 =   D:8 (

Annotations:
Lair:3 exclusion: 2 oklob plants
Lair:5 2 transporters, Bolunijamo's ghost, journeyman GnFi
Lair:6 exclusion: oklob plant


Innate Abilities, Weirdness & Mutations

You are too large for most types of armour.
You have claws for hands.
Your metabolism is lightning-fast.
You like to eat raw meat.
Your natural rate of healing is unusually fast.
You are covered in fur. (AC +1)
You have extremely tough skin. (AC +3)
You are surrounded by a mild repulsion field. (EV +2)
You are partially covered in molten scales. (AC +2)
You are resistant to hostile enchantments. (MR+)
Your muscles are strong. (Str +2)


Message History

The harpy screeches! x2
The harpy claws you.
* * * LOW HITPOINT WARNING * * *
The harpy claws you but does no damage. The harpy barely misses you.
The harpy misses you. The harpy completely misses you. x2
The harpy barely misses you. x2; The harpy claws you but does no damage. x3
The harpy claws you.
* * * LOW HITPOINT WARNING * * *
A water nymph comes into view.
The snapping turtle bites you but does no damage.
The merfolk hits you but does no damage.
The harpy barely misses you. The harpy claws you but does no damage.
The water nymph touches the plant.
The harpy claws you but does no damage. The harpy closely misses you.
You scratch the harpy.
The harpy is almost dead.
The harpy claws you!
* * * LOW HITPOINT WARNING * * *
The harpy claws you but does no damage. The harpy claws you!
You die...

≈≈≈≈≈ ≈≈≈ ≈≈≈≈≈ .(. ≈≈≈≈
≈≈≈≈≈# ≈.. #≈≈≈≈≈
≈≈≈≈≈.##≈##..≈≈m≈≈≈≈≈
≈(≈....≈≈≈m...≈≈≈≈≈≈≈≈≈≈≈
≈≈.....≈m≈P.....≈≈≈≈≈≈≈≈≈
≈≈......tmP......≈≈≈≈≈≈≈≈≈
≈≈≈.......HH...P.P(.≈≈≈≈≈≈≈
≈≈≈....H.H@PP...PP..≈≈≈≈≈≈≈
#≈≈......H....PPPPPP.≈≈≈≈≈≈
#≈.......:...P.PPPP.≈≈≈.≈P
≈#≈..............(()≈≈≈≈≈≈≈
≈≈≈...........PP##(##≈≈≈≈≈≈
#≈≈......≈≈...##((.##≈≈≈≈≈
##≈≈..........P#.....#≈≈≈≈≈
####≈≈...........P#≈.[..#≈≈≈≈≈
....≈≈........#..P#≈≈≈≈≈#≈≈≈≈≈


You could see a merfolk avatar, a snapping turtle, a merfolk, 2 water nymphs and
5 harpies.

Vanquished Creatures
  The ghost of Tunlugh the Earth Mage, an adept GrEE of Vehumet (Lair:4)
  Gastronok (Lair:2)
  Ilsuiw (Shoals:3)
  A minotaur (Shoals:1)
  3 dire elephants (Lair:6)
  The ghost of hofbold the Fighter, a journeyman DsCK of Makhleb (Lair:4)
  3 merfolk javelineers
  5 merfolk impalers
  2 merfolk aquamancers
  4 hydras
  An alligator snapping turtle (Shoals:2)
  5 satyrs
  2 two-headed ogres
  An anaconda (Lair:6)
  A skeletal warrior (D:9)
  9 sea snakes
  11 harpies
  A deep elf mage (D:9)
  An ugly thing (D:11)
  14 manticores
  2 cyclopes
  19 fauns
  12 elephants
  2 black mambas
  8 water nymphs
  Maurice (D:9)
  A torpor snail (Lair:2)
  4 orange demons (D:10)
  9 spiny frogs
  2 rime drakes
  6 komodo dragons
  A queen bee (D:9)
  3 red devils (D:10)
  2 trolls
  3 wind drakes
  17 merfolk
  A polar bear (Lair:6)
  4 meliai (Shoals:1)
  A hornet (D:11)
  Grinder (D:3)
  3 blink frogs (Lair:2)
  11 hippogriffs
  3 slime creatures (D:9)
  8 snapping turtles
  11 dream sheep
  17 water elementals
  2 wyverns
  33 yaks
  3 hungry ghosts (D:9)
  7 porcupines
  12 water moccasins
  3 orc warriors
  6 sky beasts
  4 ice beasts
  A phantom (D:4)
  4 black bears
  14 wolves
  7 ogres
  6 centaurs
  13 crocodiles
  2 big kobolds
  9 bullfrogs
  A wyvern zombie (D:10)
  A wyvern skeleton (D:9)
  2 scorpions
  13 killer bees (D:9)
  4 howler monkeys
  5 electric eels
  2 crimson imps (D:8)
  2 quasits
  5 orc priests
  7 hounds
  4 orc wizards
  An iguana (D:8)
  6 merfolk sirens
  4 worker ants
  2 merfolk avatars
  A killer bee zombie (D:6)
  2 hound zombies
  A hound skeleton (D:9)
  14 adders
  3 river rats (Sewer)
  2 shadow imps
  An adder skeleton (D:8)
  A worm (D:3)
  A dart slug (D:1)
  13 leopard geckos
  25 orcs
  8 ball pythons
  9 bats
  12 giant cockroaches
  6 goblins
  8 hobgoblins
  6 jackals
  5 quokkas
  9 frilled lizards
  A jackal skeleton (D:8)
  18 kobolds
  A leopard gecko zombie (D:5)
  30 rats
  17 plants
599 creatures vanquished.

Vanquished Creatures (others)
  An adder skeleton (D:9)
  An orc (D:11)
  6 plants
8 creatures vanquished.

Grand Total: 607 creatures vanquished

Notes
Turn   | Place    | Note
-------+----------+-------------------------------------------
     0 | D:1      | Marjanaama the Troll Monk began the quest for the Orb.
     0 | D:1      | Reached XP level 1. HP: 22/22 MP: 0/0
   179 | D:1      | Reached XP level 2. HP: 29/29 MP: 1/1
   766 | D:2      | Reached XP level 3. HP: 33/36 MP: 2/2
   895 | D:2      | Found a white marble altar of Elyvilon.
   895 | D:2      | Found an opulent altar of Gozag.
   896 | D:2      | Found a glowing golden altar of the Shining One.
  1148 | D:2      | Found an iron altar of Okawaru.
  1330 | D:3      | Noticed a sky beast
  1351 | D:2      | Killed a sky beast
  1351 | D:2      | Reached XP level 4. HP: 12/44 MP: 3/3
  1351 | D:2      | Reached XP level 5. HP: 14/52 MP: 4/4
  1556 | D:3      | Noticed Grinder
  1560 | D:3      | Paralysed by Grinder for 3 turns
  1586 | D:3      | Paralysed by Grinder for 6 turns
  1597 | D:3      | Killed Grinder
  1597 | D:3      | Reached skill level 5 in Unarmed Combat
  1597 | D:3      | Reached XP level 6. HP: 18/61 MP: 5/5
  2125 | D:4      | Reached XP level 7. HP: 67/67 MP: 6/6
  2254 | D:4      | Found a glowing drain.
  2289 | Sewer    | Entered a sewer
  2562 | Sewer    | Got a steaming dagger
  2564 | Sewer    | Got an ominously black robe
  2575 | Sewer    | Identified the +1 robe "Irawit" {+Fly Int+9 Dex-2} (You
                  | found it in a sewer)
  2662 | D:4      | Found Naytsek's Antique Weapon Emporium.
  3075 | D:5      | Entered Level 5 of the Dungeon
  3367 | D:5      | Found Anwiag's Jewellery Shoppe.
  3516 | D:5      | Reached XP level 8. HP: 53/75 MP: 7/7
  3723 | D:6      | Found Asoad's Jewellery Emporium.
  3983 | D:6      | Found a staircase to the Ecumenical Temple.
  3992 | Temple   | Entered the Ecumenical Temple
  4446 | D:6      | Bought a +3 ring of protection for 273 gold pieces
  4715 | D:7      | Reached skill level 5 in Dodging
  4892 | D:7      | Found a deep blue altar of Sif Muna.
  4892 | D:7      | Found a basalt altar of Yredelemnul.
  4893 | D:7      | Found a blossoming altar of Fedhas.
  5229 | D:8      | Reached skill level 10 in Unarmed Combat
  5229 | D:8      | Reached XP level 9. HP: 59/83 MP: 8/8
  5641 | D:8      | Found Acliygh's Antique Weapon Shoppe.
  5831 | D:8      | Gained mutation: You are partially covered in molten
                  | scales. (AC +2) [potion of mutation]
  5831 | D:8      | Gained mutation: You are resistant to hostile enchantments.
                  | (MR+) [potion of mutation]
  5831 | D:8      | Gained mutation: Your muscles are strong. (Str +2) [potion
                  | of mutation]
  5831 | D:8      | Gained mutation: You are surrounded by a mild repulsion
                  | field. (EV +2) [potion of mutation]
  5991 | D:9      | Found a staircase to the Orcish Mines.
  6047 | D:9      | Reached XP level 10. HP: 91/92 MP: 9/9
  6247 | D:9      | Reached skill level 5 in Fighting
  6302 | D:9      | Noticed a two-headed ogre
  6317 | D:9      | Killed a two-headed ogre
  6404 | D:9      | Noticed Maurice
  6424 | D:9      | Killed Maurice
  6452 | D:9      | Found a stormy altar of Qazlal.
  6455 | D:9      | Found a burning altar of Makhleb.
  6458 | D:9      | Found a hazy altar of Hepliaklqana.
  6563 | D:9      | Noticed a deep elf mage
  6563 | D:9      | Noticed a skeletal warrior
  6605 | D:9      | Killed a skeletal warrior
  6639 | D:9      | Killed a deep elf mage
  6641 | D:9      | Identified the Grimoire of Noxious Combat Magic
  6790 | D:9      | Reached XP level 11. HP: 107/107 MP: 10/10
  7116 | D:10     | Entered Level 10 of the Dungeon
  8671 | D:11     | Found a staircase to the Lair.
  9143 | D:11     | Noticed a white ugly thing
  9153 | D:11     | Killed a white ugly thing
  9237 | D:11     | Noticed a two-headed ogre
  9247 | D:11     | Killed a two-headed ogre
  9606 | Lair:1   | Entered Level 1 of the Lair of Beasts
  9609 | Lair:1   | Reached skill level 1 in Throwing
  9775 | Lair:1   | Reached XP level 12. HP: 115/122 MP: 11/11
 10021 | Lair:1   | Noticed an eight-headed hydra
 10311 | Lair:1   | Reached skill level 1 in Armour
 10689 | Lair:4   | Found a runed translucent gate.
 10690 | Lair:4   | Found a runed translucent gate.
 10691 | Lair:4   | Found a runed translucent gate.
 10729 | Lair:6   | Entered Level 6 of the Lair of Beasts
 10729 | Lair:6   | Noticed a four-headed hydra
 10805 | Lair:5   | Found a staircase to the Slime Pits.
 10967 | Lair:4   | Noticed a six-headed hydra
 11040 | Lair:4   | Noticed hofbold's ghost (journeyman DsCK)
 11040 | Lair:4   | Noticed Tunlugh's ghost (adept GrEE)
 11437 | Temple   | Became a worshipper of the Wu Jian Council
 11437 | Temple   | Reached * piety under Wu Jian
 11437 | Temple   | Reached ** piety under Wu Jian
 11657 | D:11     | Killed an eight-headed hydra
 11815 | Lair:2   | Reached skill level 5 in Armour
 12136 | Lair:2   | Found a hole to the Spider Nest.
 12188 | Lair:2   | Noticed Gastronok
 12198 | Lair:2   | Killed Gastronok
 12361 | Lair:2   | Found a staircase to the Shoals.
 12702 | D:6      | Bought the amulet "Huegh" {Acrobat +Fly rN+ Slay+2} for 672
                  | gold pieces
 13005 | Lair:3   | Reached skill level 1 in Evocations
 13477 | Lair:4   | Reached skill level 5 in Throwing
 13763 | Lair:4   | Killed a six-headed hydra
 13763 | Lair:4   | Reached XP level 13. HP: 82/130 MP: 13/13
 14223 | Lair:5   | Found a transporter.
 14226 | Lair:5   | Found a transporter.
 14253 | Lair:5   | Got a scorched jade amulet
 14393 | Lair:5   | Noticed Bolunijamo's ghost (journeyman GnFi)
 14786 | Lair:5   | Reached *** piety under Wu Jian
 15559 | Lair:6   | Reached skill level 5 in Evocations
 16103 | Lair:6   | Identified the amulet of Perfectionism {Reflect Dex+5 SH+3}
                  | (You found it on level 5 of the Lair of Beasts)
 16329 | Lair:6   | Reached skill level 1 in Shields
 16509 | Lair:6   | Noticed a dire elephant
 16523 | Lair:6   | Killed a dire elephant
 16555 | Lair:6   | Noticed a dire elephant
 16555 | Lair:6   | Noticed a dire elephant
 16572 | Lair:6   | Killed a dire elephant
 16582 | Lair:6   | Killed a dire elephant
 16678 | Lair:6   | Identified Wuatypn's Grimoire of Supportive Aid
 17018 | Lair:4   | Killed hofbold's ghost
 17024 | Lair:4   | Killed Tunlugh's ghost
 17215 | Shoals:1 | Entered Level 1 of the Shoals
 17242 | Shoals:1 | Reached **** piety under Wu Jian
 17299 | Shoals:1 | Reached XP level 14. HP: 110/141 MP: 16/16
 17347 | Shoals:1 | Reached skill level 10 in Fighting
 17707 | Shoals:1 | Reached skill level 5 in Shields
 17994 | Shoals:1 | Found a hide-covered altar of Uskayaw.
 20146 | Shoals:3 | Reached XP level 15. HP: 136/156 MP: 17/17
 20231 | Shoals:3 | Reached ***** piety under Wu Jian
 20915 | Shoals:3 | Noticed Ilsuiw
 21369 | Shoals:3 | Killed Ilsuiw
 21505 | Shoals:4 | Entered Level 4 of the Shoals
 22312 | Shoals:4 | Identified the +11 dagger "Killer Bee's Regret" {pierce,
                  | rN+}
 22464 | Shoals:4 | Reached skill level 10 in Shields
 22569 | Shoals:4 | Slain by a harpy

Skill      XL: |  1  2  3  4  5  6  7  8  9 10 11 12 13 14 15 |
---------------+----------------------------------------------+-----
Dodging        | 3 4 5 7 8 |  8.1
Unarmed Combat | 4 5 6 7 10 12 13 | 13.4
Fighting       | 3 4 6 8 9 11 13 | 13.0
Throwing       | 2 5 |  5.0
Armour         | 7 |  7.3
Evocations     | 2 5 |  5.1
Stealth        | 2 4 |  4.2
Shields        | 4 8 10 | 10.0

Action                   |  1- 3 |  4- 6 |  7- 9 | 10-12 | 13-15 || total
-------------------------+-------+-------+-------+-------+-------++-------
Melee: Unarmed           |   120 |    86 |   343 |   714 |  1022 ||  2285
       Punch             |     2 |       |    14 |    50 |   108 ||   174
Throw: Large rock        |       |       |       |    10 |    59 ||    69
       Javelin           |       |       |       |     1 |    14 ||    15
Invok: Whirlwind         |       |       |       |     9 |    47 ||    56
       Lunge             |       |       |       |     8 |    54 ||    62
       Serpent's Lash    |       |       |       |       |    11 ||    11
       Heavenly Storm    |       |       |       |       |     1 ||     1
 Abil: Evoke Flight      |       |       |       |       |     8 ||     8
  Use: Potion            |     1 |     1 |     1 |     7 |    12 ||    22
       Scroll            |       |     4 |     4 |     9 |    14 ||    31
 Stab: Sleeping          |     2 |     2 |     3 |     6 |     2 ||    15
       Distracted        |       |       |       |     1 |     1 ||     2
  Eat: Chunk             |    18 |     7 |    36 |    72 |    78 ||   211
       Ration            |       |       |       |     2 |       ||     2
Armor: Robe              |    79 |    24 |    99 |   155 |       ||   357
       Skin              |     3 |     2 |       |    24 |    24 ||    53
       Troll leather arm |       |       |       |    72 |   362 ||   434
Dodge: Dodged            |    93 |    52 |   203 |   609 |   921 ||  1878
Block: Other             |       |       |       |       |     5 ||     5
